 Dungeon Sprint DCSS version 0.17-a0-1651-gae1a69f (webtiles) character file.

73778 Kidiri the Imperceptible (level 14, -6/64 HPs)
             Began as a Spriggan Enchanter on Aug 14, 2015.
             Was the Champion of Dithmenos.
             Shot with a bolt by a yaktaur captain (13 damage)
             ... in the Dungeon (Sprint III: "The Ten Rune Challenge").
             The game lasted 00:26:00 (5342 turns).

Kidiri the Imperceptible (Spriggan Enchanter)       Turns: 5342, Time: 00:26:01

Health: -6/64      AC:  7    Str:  6    XL:     14   Next: 2%
Magic:  21/38      EV: 44    Int: 19    God:    Dithmenos [******]
Gold:   1009       SH:  2    Dex: 23    Spells: 5 memorised, 40 levels left

rFire  . . .     SeeInvis +     y - +7 Spriggan's Knife {MR+ EV+4 Dex+4 Stlth+}
rCold  . . .     Clarity  .     m - +1 robe {rN+}
rNeg   + . .     SustAt   .     (shield restricted)
rPois  .         Gourm    .     w - +1 hat
rElec  .         Spirit   .     (no cloak)
rCorr  .         Warding  .     (gloves unavailable)
rMut   .         NoTele   +     (boots unavailable)
MR     +++..                    (no amulet)
Stlth  ++++++++++               (no ring)
                                (no ring)

@: wreathed by umbra, drained, very quick, extremely resistant to hostile
enchantments, uncannily stealthy
A: unfitting armour, large bone plates 1, see invisible, blink 1, herbivore 3,
speed 3, robust 1, shaggy fur 1, slow metabolism 2, strong 1
a: Blink, Shadow Step, Shadow Form, Renounce Religion
}: 2/10 runes: serpentine, barnacled


You were in the Dungeon.
You worshipped Dithmenos.
Dithmenos was exalted by your worship.
You were not hungry.

You visited 1 branch You collected 1037 gold pieces.
You spent 28 gold pieces at shops.

Inventory:

Hand weapons
 y - the +7 Spriggan's Knife (weapon) {MR+ EV+4 Dex+4 Stlth+}
   (You found it in the Dungeon)

   It affects your evasion (+4).
   It affects your dexterity (+4).
   It affects your resistance to hostile enchantments.
   It makes you more stealthy.
Missiles
 b - 10 throwing nets (quivered)
Armour
 m - a +1 robe of positive energy (worn)
 w - a +1 hat (worn)
Magical devices
 x - a wand of confusion (25)
Scrolls
 j - 2 scrolls of blinking
 l - a scroll of torment {unknown}
 n - 2 scrolls of remove curse {unknown}
 q - a scroll of immolation {unknown}
 r - a scroll of enchant weapon {unknown}
Potions
 c - a potion of cure mutation {unknown}
 f - a potion of heal wounds
 g - a potion of haste
 h - 3 potions of magic
 i - 2 potions of berserk rage
 k - a potion of might
 p - 2 potions of flight
 s - 2 potions of brilliance
 t - a potion of lignification {unknown}
 u - a potion of degeneration {unknown}
 v - a potion of resistance {unknown}
Comestibles
 d - 10 fruits
 o - 30 royal jellies


   Skills:
 + Level 13.7(13.1) Short Blades
 * Level 22.8(22.1) Dodging
 * Level 24.5(23.8) Stealth
 * Level 19.7(19.0) Spellcasting
 + Level 9.7(9.2) Conjurations
 + Level 15.1(14.5) Hexes
 + Level 10.8(10.2) Ice Magic
 - Level 1.5(1.1) Invocations


You had 40 spell levels left.
You knew the following spells:

 Your Spells              Type           Power        Failure   Level  Hunger
a - Corona                Hex            ######.      0%          1    None
b - Ensorcelled Hibernat  Hex/Ice        ######       1%          2    None
c - Confuse               Hex            ######..     1%          3    None
d - Tukima's Dance        Hex            ######..     1%          3    None
e - Dazzling Spray        Conj/Hex       ######..     1%          3    None


Dungeon Overview and Level Annotations

Branches:
Dungeon (1/1)

Altars:
Cheibriados
Dithmenos
Elyvilon
Fedhas
Gozag
Kikubaaqudgha
Makhleb
Nemelex Xobeh
Okawaru
Qazlal
Ru
Sif Muna
Trog
Vehumet
Xom
Yredelemnul
Zin
The Shining One
Jiyva
Lugonu

Shops:
D :(!%[:*

Annotations:
D exclusion: obsidian statue


Innate Abilities, Weirdness & Mutations

You are tiny and cannot use many weapons and most armour.
You have supernaturally acute eyesight.
You are a herbivore.
You cover ground extremely quickly.
You need consume almost no food.
You are partially covered in large bone plates (AC +2, SH +2).
You can translocate small distances at will.
You are robust (+10% HP).
You are covered in fur (AC +1).
Your muscles are strong. (Str +2)


Message History

Aim: a yaktaur captain, wielding an arbalest of chaos (heavily wounded, umbra)
The spray of energy hits the yaktaur captain.
The yaktaur captain is heavily wounded.
Your shadow mimicks your spell!
The shadow shard hits the yaktaur captain.
The yaktaur captain shoots a bolt.
The bolt hits you!! You partially resist.
You feel drained.
Casting: Dazzling Spray
Confirm with . or Enter, or press ? or * to list all spells.
Aiming: Dazzling Spray
Press: ? - help, Shift-Dir - straight line, f/p - yaktaur captain
Aim: a yaktaur captain, wielding an arbalest of chaos (almost dead, umbra)
The spray of energy hits the yaktaur captain.
The yaktaur captain is almost dead.
The yaktaur captain shoots a bolt.
The bolt hits you!
* * * LOW HITPOINT WARNING * * *
You emit a cloud of dark smoke.
You partially resist.
You feel drained.
* * * LOW HITPOINT WARNING * * *
The yaktaur captain shoots a bolt.
The bolt hits you!
You die...

###.......+..#..PP.(#
##.#.#####.####......#
##..'.#.)%+.#(.#..c(..#
.'..#######.+..#......#
#####.....#.####......#
#..#..#.#%.#......#
#.#)#.#.'..#.§....#
#....)#.#.[#.§§§%.#
#.....#.#..'@..(..#
#.#)#.+.#..#..(...#
#..#..#.#..#...^^.#
#)....###########+#
#######


You could see a yaktaur captain.

Vanquished Creatures
  Rupert (D)
  Frances (D)
  Polyphemus (D)
  Gastronok (D)
  A greater naga (D)
  Ilsuiw (D)
  Maud (D)
  Wiglaf (D)
  2 dire elephants (D)
  A merfolk javelineer (D)
  A fire dragon (D)
  A hydra (D)
  A naga warrior (D)
  A centaur warrior (D)
  Erolcha (D)
  4 dancing weapons (D)
  2 anacondas (D)
  4 death yaks (D)
  A deep elf knight (D)
  A sea snake (D)
  A spriggan druid (D)
  A death drake (D)
  A lindwurm (D)
  An orc sorcerer (D)
  3 deep elf conjurers (D)
  6 ugly things (D)
  2 elephants (D)
  2 spiny frogs (D)
  9 black mambas (D)
  A torpor snail (shapeshifter) (D)
  A guardian serpent (D)
  A komodo dragon (D)
  A fire drake (D)
  3 wandering mushrooms (D)
  4 spriggan defenders (D)
  2 deep elf priests (D)
  A queen bee (D)
  A slime creature (shapeshifter) (D)
  4 orc high priests (D)
  A boulder beetle (shapeshifter) (D)
  4 redbacks (D)
  8 blink frogs (D)
  2 spriggans (D)
  A redback (shapeshifter) (D)
  A shadow (D)
  2 trapdoor spiders (D)
  A spatial vortex (D)
  2 nagas (D)
  2 hill giants (D)
  7 water moccasins (D)
  3 orc warriors (D)
  A swamp drake (D)
  A necrophage (D)
  2 brain worms (D)
  3 two-headed ogres (D)
  A water elemental (D)
  32 killer bees (D)
  A jelly (D)
  3 orc wizards (D)
  3 orc priests (D)
  Jessica (D)
  A wolf (D)
  A necromancer (D)
  3 sheep (D)
  A wizard (D)
  3 humans (D)
  A kobold demonologist (D)
  An adder (D)
  2 oozes (D)
  8 orcs (D)
  A rat (D)
  A ballistomycete (D)
  A giant spore (D)
  4 plants (D)
183 creatures vanquished.

Vanquished Creatures (others)
  2 draconian scorchers (D)
  A hydra (D)
  2 yaktaurs (D)
  An electric eel (D)
  A bush (D)
  7 plants (D)
14 creatures vanquished.

Grand Total: 197 creatures vanquished

Notes
Turn   | Place    | Note
--------------------------------------------------------------
     0 | D        | Kidiri the Spriggan Enchanter began the quest for the Orb.
     0 | D        | Reached XP level 1. HP: 9/9 MP: 5/5
     4 | D        | Reached skill level 5 in Stealth
    10 | D        | Reached XP level 2. HP: 5/13 MP: 5/7
    14 | D        | Learned a level 2 spell: Ensorcelled Hibernation
    96 | D        | Killed a yaktaur
   187 | D        | Killed a white draconian scorcher
   215 | D        | Noticed Jessica
   223 | D        | Killed Jessica
   223 | D        | Reached skill level 5 in Dodging
   223 | D        | Reached skill level 6 in Stealth
   223 | D        | Reached skill level 1 in Ice Magic
   223 | D        | Reached XP level 3. HP: 16/16 MP: 3/9
   262 | D        | Killed a white draconian scorcher
   314 | D        | Reached skill level 7 in Stealth
   369 | D        | Killed a yaktaur
   380 | D        | Learned a level 3 spell: Confuse
   384 | D        | Learned a level 3 spell: Tukima's Dance
   459 | D        | Noticed a wolf
   470 | D        | Killed a wolf
   470 | D        | Reached skill level 5 in Spellcasting
   470 | D        | Reached XP level 4. HP: 21/21 MP: 7/12
   475 | D        | Learned a level 3 spell: Dazzling Spray
   572 | D        | Gained mutation: Your muscles are strong. (Str +2) [potion of mutation]
   572 | D        | Gained mutation: You are covered in fur (AC +1). [potion of mutation]
   572 | D        | Gained mutation: You can translocate small distances at will. [potion of mutation]
   573 | D        | Gained mutation: You are partially covered in large bone plates (AC +2, SH +2). [potion of mutation]
   573 | D        | Gained mutation: You are robust (+10% HP). [potion of mutation]
   626 | D        | Noticed a water elemental
   665 | D        | Killed a water elemental
   665 | D        | Reached skill level 8 in Stealth
   665 | D        | Reached skill level 1 in Conjurations
   665 | D        | Reached skill level 5 in Hexes
   665 | D        | Reached XP level 5. HP: 21/26 MP: 0/14
   792 | D        | Noticed a jelly
   793 | D        | Noticed a shadow
   795 | D        | Killed a shadow
   795 | D        | Reached skill level 9 in Dodging
   795 | D        | Reached skill level 10 in Stealth
   795 | D        | Reached XP level 6. HP: 30/30 MP: 15/17
   799 | D        | Killed a jelly
   804 | D        | Found a stormy altar of Qazlal.
   805 | D        | Found a sacrificial altar of Ru.
   805 | D        | Found a burning altar of Makhleb.
   805 | D        | Found a viscous altar of Jiyva.
   805 | D        | Found a shimmering altar of Xom.
   805 | D        | Found a shadowy altar of Dithmenos.
   805 | D        | Found a sparkling altar of Nemelex Xobeh.
   805 | D        | Found a corrupted altar of Lugonu.
   805 | D        | Found an opulent altar of Gozag.
   805 | D        | Noticed a spatial vortex
   809 | D        | Became a worshipper of Dithmenos the Shadowed
   821 | D        | Killed a spatial vortex
   821 | D        | Reached skill level 5 in Short Blades
   821 | D        | Reached skill level 10 in Dodging
   821 | D        | Reached skill level 11 in Stealth
   821 | D        | Reached skill level 1 in Invocations
   958 | D        | Found a radiant altar of Vehumet.
   959 | D        | Found a deep blue altar of Sif Muna.
   959 | D        | Found an ancient bone altar of Kikubaaqudgha.
   959 | D        | Noticed a wizard
   960 | D        | Killed a wizard
   983 | D        | Found a glowing silver altar of Zin.
   984 | D        | Found a glowing golden altar of the Shining One.
   984 | D        | Found a white marble altar of Elyvilon.
   984 | D        | Noticed a deep elf priest
   998 | D        | Killed a deep elf priest
   998 | D        | Reached XP level 7. HP: 35/35 MP: 8/20
  1150 | D        | Found an iron altar of Okawaru.
  1151 | D        | Found a bloodstained altar of Trog.
  1151 | D        | Noticed a human
  1151 | D        | Noticed a human
  1153 | D        | Killed a human
  1153 | D        | Reached skill level 12 in Stealth
  1154 | D        | Killed a human
  1154 | D        | Reached XP level 8. HP: 39/39 MP: 20/22
  1171 | D        | Found a snail-covered altar of Cheibriados.
  1171 | D        | Noticed a necrophage
  1172 | D        | Found a basalt altar of Yredelemnul.
  1172 | D        | Found a blossoming altar of Fedhas.
  1172 | D        | Noticed a necromancer
  1173 | D        | Killed a necrophage
  1173 | D        | Acquired Dithmenos's first power
  1174 | D        | Killed a necromancer
  1174 | D        | Reached skill level 10 in Spellcasting
  1192 | D        | Noticed a two-headed ogre
  1192 | D        | Noticed a two-headed ogre
  1197 | D        | Noticed a two-headed ogre
  1198 | D        | Killed a two-headed ogre
  1198 | D        | Reached skill level 13 in Stealth
  1201 | D        | Killed a two-headed ogre
  1203 | D        | Killed a two-headed ogre
  1203 | D        | Acquired Dithmenos's second power
  1256 | D        | Noticed a hill giant
  1259 | D        | Killed a hill giant
  1264 | D        | Noticed a hill giant
  1264 | D        | Noticed Erolcha
  1266 | D        | Killed Erolcha
  1266 | D        | Reached skill level 14 in Stealth
  1266 | D        | Reached skill level 5 in Ice Magic
  1266 | D        | Reached XP level 9. HP: 42/42 MP: 23/25
  1267 | D        | Killed a hill giant
  1267 | D        | Acquired Dithmenos's third power
  1286 | D        | Noticed a redback
  1287 | D        | Noticed a trapdoor spider
  1419 | D        | Killed a trapdoor spider
  1422 | D        | Noticed a trapdoor spider
  1432 | D        | Killed a trapdoor spider
  1436 | D        | Killed a redback
  1436 | D        | Reached skill level 15 in Stealth
  1708 | D        | Noticed a killer bee
  1708 | D        | Noticed a killer bee
  1708 | D        | Noticed a killer bee
  1708 | D        | Noticed a killer bee
  1708 | D        | Noticed a killer bee
  1708 | D        | Noticed a killer bee
  1708 | D        | Noticed a killer bee
  1708 | D        | Noticed a killer bee
  1708 | D        | Noticed a killer bee
  1708 | D        | Noticed a killer bee
  1708 | D        | Noticed a killer bee
  1708 | D        | Noticed a killer bee
  1708 | D        | Noticed a killer bee
  1708 | D        | Noticed a killer bee
  1708 | D        | Noticed a killer bee
  1709 | D        | Noticed a killer bee
  1710 | D        | Noticed a killer bee
  1710 | D        | Noticed a killer bee
  1710 | D        | Killed a killer bee
  1711 | D        | Noticed a killer bee
  1711 | D        | Noticed a killer bee
  1711 | D        | Noticed a killer bee
  1712 | D        | Noticed a killer bee
  1712 | D        | Noticed a killer bee
  1714 | D        | Killed a killer bee
  1715 | D        | Noticed a killer bee
  1716 | D        | Noticed a killer bee
  1716 | D        | Noticed a killer bee
  1716 | D        | Killed a killer bee
  1716 | D        | Acquired Dithmenos's fourth power
  1718 | D        | Noticed a queen bee
  1719 | D        | Noticed a killer bee
  1719 | D        | Noticed a killer bee
  1719 | D        | Noticed a killer bee
  1719 | D        | Killed a killer bee
  1721 | D        | Noticed a killer bee
  1721 | D        | Killed a killer bee
  1723 | D        | Noticed a killer bee
  1725 | D        | Noticed a killer bee
  2046 | D        | Killed a killer bee
  2053 | D        | Killed a killer bee
  2055 | D        | Killed a killer bee
  2224 | D        | Killed a killer bee
  2226 | D        | Killed a killer bee
  2228 | D        | Killed a killer bee
  2230 | D        | Killed a killer bee
  2230 | D        | Reached skill level 5 in Conjurations
  2232 | D        | Killed a killer bee
  2234 | D        | Killed a killer bee
  2236 | D        | Killed a killer bee
  2238 | D        | Killed a killer bee
  2240 | D        | Killed a killer bee
  2242 | D        | Killed a killer bee
  2244 | D        | Killed a killer bee
  2246 | D        | Killed a killer bee
  2251 | D        | Killed a killer bee
  2383 | D        | Killed a queen bee
  2385 | D        | Killed a killer bee
  2387 | D        | Killed a killer bee
  2387 | D        | Reached XP level 10. HP: 48/48 MP: 22/27
  2389 | D        | Killed a killer bee
  2389 | D        | Reached skill level 16 in Stealth
  2395 | D        | Killed a killer bee
  2397 | D        | Killed a killer bee
  2399 | D        | Killed a killer bee
  2401 | D        | Killed a killer bee
  2405 | D        | Killed a killer bee
  2407 | D        | Killed a killer bee
  2407 | D        | Reached skill level 10 in Hexes
  2411 | D        | Killed a killer bee
  2441 | D        | Killed a killer bee
  2584 | D        | Noticed a wandering mushroom
  2598 | D        | Killed a wandering mushroom
  2598 | D        | Reached skill level 15 in Dodging
  2601 | D        | Noticed a wandering mushroom
  2602 | D        | Noticed a wandering mushroom
  2606 | D        | Killed a wandering mushroom
  2610 | D        | Killed a wandering mushroom
  2617 | D        | Killed a four-headed hydra
  2801 | D        | Noticed a spiny frog
  2801 | D        | Noticed a komodo dragon
  2801 | D        | Noticed a spiny frog
  2807 | D        | Killed a spiny frog
  2809 | D        | Killed a spiny frog
  2811 | D        | Killed a komodo dragon
  2811 | D        | Reached skill level 17 in Stealth
  2843 | D        | Noticed a redback
  2845 | D        | Killed a redback
  2846 | D        | Noticed a brain worm
  2849 | D        | Killed a brain worm
  2852 | D        | Noticed a brain worm
  2854 | D        | Killed a brain worm
  2860 | D        | Noticed a lindwurm
  2862 | D        | Noticed a redback
  2863 | D        | Killed a lindwurm
  2865 | D        | Killed a redback
  2871 | D        | Noticed a redback
  2872 | D        | Killed a redback
  2873 | D        | Noticed Maud
  2875 | D        | Killed Maud
  2875 | D        | Reached skill level 18 in Stealth
  2875 | D        | Reached XP level 11. HP: 51/51 MP: 28/30
  2883 | D        | Killed an electric eel
  2886 | D        | Noticed a seven-headed hydra
  2890 | D        | Noticed a death drake
  2894 | D        | Killed a death drake
  2896 | D        | Killed a seven-headed hydra
  2983 | D        | Found a blossoming altar of Fedhas.
  2983 | D        | Noticed a spriggan
  2983 | D        | Noticed a spriggan druid
  2983 | D        | Noticed a spriggan
  2985 | D        | Killed a spriggan druid
  2986 | D        | Killed a spriggan
  2987 | D        | Killed a spriggan
  3010 | D        | Noticed a water moccasin
  3010 | D        | Noticed an anaconda
  3010 | D        | Noticed a black mamba
  3012 | D        | Noticed a water moccasin
  3012 | D        | Noticed a black mamba
  3016 | D        | Killed an anaconda
  3016 | D        | Reached skill level 10 in Short Blades
  3018 | D        | Killed a water moccasin
  3020 | D        | Killed a water moccasin
  3023 | D        | Killed a black mamba
  3024 | D        | Noticed a black mamba
  3025 | D        | Killed a black mamba
  3025 | D        | Reached skill level 19 in Stealth
  3111 | D        | Noticed a black mamba
  3111 | D        | Noticed a water moccasin
  3111 | D        | Noticed a black mamba
  3111 | D        | Noticed a water moccasin
  3111 | D        | Noticed a black mamba
  3112 | D        | Killed a black mamba
  3112 | D        | Reached skill level 15 in Spellcasting
  3114 | D        | Killed a black mamba
  3118 | D        | Killed a water moccasin
  3120 | D        | Killed a water moccasin
  3122 | D        | Killed a black mamba
  3126 | D        | Killed a black mamba
  3196 | D        | Noticed a water moccasin
  3196 | D        | Noticed a water moccasin
  3196 | D        | Noticed a water moccasin
  3197 | D        | Noticed a black mamba
  3197 | D        | Noticed an anaconda
  3198 | D        | Killed a water moccasin
  3200 | D        | Killed a water moccasin
  3203 | D        | Killed a water moccasin
  3209 | D        | Killed a black mamba
  3211 | D        | Killed an anaconda
  3231 | D        | Noticed a naga
  3231 | D        | Noticed a naga
  3232 | D        | Noticed a naga warrior
  3232 | D        | Noticed a greater naga
  3232 | D        | Found Zekatege's Food Shop.
  3232 | D        | Found Vyplome's Antique Armour Shoppe.
  3233 | D        | Killed a naga
  3234 | D        | Killed a naga
  3235 | D        | Found Naupp's Book Boutique.
  3236 | D        | Killed a naga warrior
  3236 | D        | Reached skill level 20 in Stealth
  3237 | D        | Killed a greater naga
  3237 | D        | Reached XP level 12. HP: 56/56 MP: 27/33
  3251 | D        | Noticed a guardian serpent
  3254 | D        | Killed a guardian serpent
  3256 | D        | Got a serpentine rune of Zot
  3340 | D        | Noticed a swamp drake
  3340 | D        | Noticed a fire drake
  3341 | D        | Killed a fire drake
  3343 | D        | Killed a swamp drake
  3349 | D        | Noticed a blink frog
  3350 | D        | Noticed a blink frog
  3350 | D        | Noticed a blink frog
  3350 | D        | Noticed a blink frog
  3350 | D        | Noticed a blink frog
  3351 | D        | Killed a blink frog
  3355 | D        | Killed a blink frog
  3359 | D        | Killed a blink frog
  3365 | D        | Killed a blink frog
  3426 | D        | Killed a blink frog
  3459 | D        | Noticed Rupert
  3461 | D        | Killed Rupert
  3461 | D        | Reached skill level 21 in Stealth
  3480 | D        | Noticed a death yak
  3481 | D        | Noticed a death yak
  3481 | D        | Noticed a blink frog
  3482 | D        | Noticed a blink frog
  3493 | D        | Noticed a death yak
  3496 | D        | Killed a death yak
  3499 | D        | Killed a death yak
  3501 | D        | Noticed a death yak
  3502 | D        | Noticed a black mamba
  3504 | D        | Killed a death yak
  3694 | D        | Noticed a blink frog
  3697 | D        | Noticed a black mamba
  3700 | D        | Killed a blink frog
  3705 | D        | Killed a black mamba
  3709 | D        | Killed a blink frog
  3717 | D        | Killed a death yak
  3719 | D        | Killed a black mamba
  3826 | D        | Killed a blink frog
  3827 | D        | Noticed an azure jelly
  3827 | D        | Noticed an azure jelly
  3867 | D        | Noticed Polyphemus
  3868 | D        | Noticed Ilsuiw
  3871 | D        | Killed Polyphemus
  3875 | D        | Killed Ilsuiw
  3875 | D        | Reached skill level 22 in Stealth
  3907 | D        | Found Qawneuv's Book Shoppe.
  3907 | D        | Found Istiteaw's Antique Weapon Boutique.
  3907 | D        | Found Ofajeus's Distillery.
  3907 | D        | Noticed a sea snake
  3907 | D        | Noticed a merfolk javelineer
  3909 | D        | Killed a sea snake
  3909 | D        | Reached XP level 13. HP: 60/60 MP: 30/35
  3937 | D        | Killed a merfolk javelineer
  3954 | D        | Got a barnacled rune of Zot
  4023 | D        | Noticed an azure jelly
  4023 | D        | Noticed an azure jelly
  4024 | D        | Noticed an elephant
  4024 | D        | Noticed an elephant
  4024 | D        | Noticed a dire elephant
  4024 | D        | Noticed a dire elephant
  4024 | D        | Noticed Gastronok
  4026 | D        | Killed Gastronok
  4027 | D        | Killed a dire elephant
  4029 | D        | Killed a dire elephant
  4032 | D        | Killed an elephant
  4034 | D        | Killed an elephant
  4115 | D        | Noticed Wiglaf
  4115 | D        | Noticed Frances
  4117 | D        | Killed Frances
  4117 | D        | Reached skill level 23 in Stealth
  4117 | D        | Reached skill level 10 in Ice Magic
  4119 | D        | Killed Wiglaf
  4129 | D        | Noticed an orc high priest
  4129 | D        | Noticed an orc high priest
  4130 | D        | Noticed an orc high priest
  4130 | D        | Noticed an orc high priest
  4131 | D        | Killed an orc high priest
  4132 | D        | Killed an orc high priest
  4134 | D        | Killed an orc high priest
  4135 | D        | Killed an orc high priest
  4191 | D        | Noticed a spriggan defender
  4192 | D        | Noticed a spriggan defender
  4192 | D        | Noticed a spriggan defender
  4192 | D        | Noticed a spriggan defender
  4193 | D        | Killed a spriggan defender
  4194 | D        | Killed a spriggan defender
  4196 | D        | Killed a spriggan defender
  4197 | D        | Killed a spriggan defender
  4360 | D        | Noticed an obsidian statue
  4533 | D        | Found Suush's General Store.
  4533 | D        | Noticed an orc priest
  4534 | D        | Noticed an orc warrior
  4534 | D        | Noticed an orc wizard
  4535 | D        | Noticed an orc sorcerer
  4535 | D        | Noticed an orc wizard
  4535 | D        | Noticed an orc priest
  4535 | D        | Noticed an orc warrior
  4535 | D        | Noticed an orc wizard
  4535 | D        | Noticed an orc priest
  4535 | D        | Noticed an orc warrior
  4536 | D        | Killed an orc priest
  4538 | D        | Killed an orc sorcerer
  4539 | D        | Killed an orc wizard
  4542 | D        | Killed an orc priest
  4543 | D        | Killed an orc priest
  4545 | D        | Killed an orc warrior
  4546 | D        | Killed an orc wizard
  4547 | D        | Killed an orc wizard
  4550 | D        | Killed an orc warrior
  4552 | D        | Killed an orc warrior
  4639 | D        | Bought a scroll of identify for 28 gold pieces
  4648 | D        | Noticed a deep elf conjurer
  4648 | D        | Noticed a deep elf knight
  4648 | D        | Noticed a deep elf conjurer
  4648 | D        | Noticed a deep elf priest
  4648 | D        | Noticed a deep elf conjurer
  4675 | D        | Killed a deep elf knight
  4685 | D        | Killed a deep elf conjurer
  4688 | D        | Killed a deep elf conjurer
  4694 | D        | Killed a deep elf conjurer
  4755 | D        | Killed a deep elf priest
  4931 | D        | Noticed a deep elf annihilator
  4964 | D        | Upgraded the game from 0.17-a0-1650-gce8475a to 0.17-a0-1651-gae1a69f
  5042 | D        | Noticed a boulder beetle
  5042 | D        | Noticed a white ugly thing
  5044 | D        | Killed a white ugly thing
  5046 | D        | Killed a boulder beetle
  5058 | D        | Noticed a white ugly thing
  5059 | D        | Noticed a redback
  5061 | D        | Killed a redback
  5065 | D        | Killed a white ugly thing
  5100 | D        | Noticed a centaur warrior
  5100 | D        | Noticed a slime creature
  5103 | D        | Killed a slime creature
  5106 | D        | Killed a centaur warrior
  5119 | D        | Noticed a brown ugly thing
  5120 | D        | Noticed a red ugly thing
  5120 | D        | Noticed a fire dragon
  5121 | D        | Killed a red ugly thing
  5121 | D        | Reached skill level 24 in Stealth
  5125 | D        | Killed a brown ugly thing
  5128 | D        | Killed a fire dragon
  5166 | D        | Noticed a halberd of protection
  5166 | D        | Noticed a hand axe of electrocution
  5166 | D        | Noticed a short sword of holy wrath
  5167 | D        | Noticed a flail of protection
  5168 | D        | Killed a flail of protection
  5169 | D        | Killed a hand axe of electrocution
  5172 | D        | Killed a short sword of holy wrath
  5173 | D        | Killed a halberd of protection
  5173 | D        | Reached skill level 15 in Hexes
  5181 | D        | Got a twisted rapier
  5183 | D        | Identified the +10 rapier of Internal Strife {venom, rElec Str+4 Int-4} (You found it in the Dungeon)
  5210 | D        | Noticed a torpor snail
  5210 | D        | Noticed a cyan ugly thing
  5211 | D        | Noticed a yaktaur captain
  5211 | D        | Noticed a white ugly thing
  5212 | D        | Killed a torpor snail
  5214 | D        | Killed a cyan ugly thing
  5214 | D        | Reached XP level 14. HP: 64/64 MP: 33/38
  5222 | D        | Killed a white ugly thing
  5342 | D        | Shot with a bolt by a yaktaur captain

Vault maps used:
D:        dungeon_sprint_mu

Action                   |  1- 3 |  4- 6 |  7- 9 | 10-12 | 13-15 || total
-------------------------+-------+-------+-------+-------+-------++-------
Melee: Dagger            |    14 |    35 |    53 |   186 |   299 ||   587
       Knife             |       |       |       |       |     4 ||     4
 Cast: Ensorcelled Hiber |     8 |     1 |    41 |    47 |    14 ||   111
       Dazzling Spray    |       |    11 |     7 |    25 |    20 ||    63
       Confuse           |       |     3 |     3 |     5 |     6 ||    17
Invok: Shadow Step       |       |       |     1 |    12 |    10 ||    23
  Use: Potion            |       |     2 |       |       |     3 ||     5
       Scroll            |       |     2 |       |       |     1 ||     3
 Stab: Sleeping          |     4 |     4 |    33 |    60 |    35 ||   136
       Confused          |       |     1 |       |     1 |     2 ||     4
       Invisible         |       |       |     1 |     6 |     4 ||    11
       Held in net/web   |       |       |     1 |       |       ||     1
  Eat: Bread ration      |       |       |       |     1 |       ||     1
